 Dungeon Crawl Stone Soup version 0.29.1-12-g30fa7ad0bf (webtiles) character file.

Game seed: 12153047677295345252

277 wormed the Conjurer (level 6, -1/30 HPs)
             Began as a Vine Stalker Conjurer on Dec 23, 2022.
             Slain by Pikel the hornet (14 damage)
             ... on level 3 of the Dungeon.
             The game lasted 00:10:55 (3788 turns).

wormed the Conjurer (Vine Stalker Conjurer)         Turns: 3788, Time: 00:10:56

Health: -1/30      AC:  3    Str:  9    XL:     6   Next: 25%
Magic:  0/11       EV: 12    Int: 20    God:
Gold:   150        SH:  0    Dex: 13    Spells: 8/11 levels left

rFire   . . .      SeeInvis .   m - +0 dagger
rCold   . . .      Faith    +   i - orb {light}
rNeg    . . .      Spirit   +   a - +0 robe
rPois   .          Reflect  .   r - +0 helmet
rElec   .          Harm     .   (no cloak)
rCorr   .          Rampage  .   (no gloves)
Will    .....                   (no boots)
Stlth   +.........              e - amulet of faith
HPRegen 0.90/turn               (no ring)
MPRegen 0.12/turn               (no ring)

@: slowed, glowing, very slow
A: fangs 2, regeneration 1, magic shield, antimagic bite, no potion heal 2
a: no special abilities


You were on level 3 of the Dungeon.
You visited 1 branch of the dungeon, and saw 4 of its levels.

You collected 150 gold pieces.

Inventory:

Hand Weapons
 m - a +0 dagger (weapon)
Armour
 a - a +0 robe (worn)
 i - an orb of light (worn)
 r - a +0 helmet (worn)
Jewellery
 e - an amulet of faith (around neck)
Scrolls
 c - a scroll of vulnerability {unknown}
 g - 2 scrolls of teleportation {unknown}
 l - 2 scrolls of immolation {unknown}
Potions
 b - a potion of heal wounds
 d - 2 potions of mutation
 f - a potion of invisibility
 h - a potion of attraction {unknown}
 j - 2 potions of curing
 k - a potion of cancellation
 n - 2 potions of degeneration
 o - a potion of haste {unknown}
 q - a potion of ambrosia {unknown}


   Skills:
 + Level 1.8 Fighting
 + Level 1.5 Armour
 + Level 2.2 Dodging
 - Level 2.4 Stealth
 + Level 3.0 Spellcasting
 * Level 5.1 Conjurations
 + Level 1.4 Hexes
 + Level 1.5 Transmutations


You had 8 spell levels left.
You knew the following spells:

 Your Spells              Type           Power      Damage    Failure   Level
a - Magic Dart            Conj           92%        1d7       1%          1
b - Searing Ray           Conj           46%        2d6       2%          2

Your spell library contained the following spells:

 Spells                   Type           Power      Damage    Failure   Level
 Dazzling Flash           Conj/Hex       32%        N/A       11%         3
 Fulminant Prism          Conj/Hex       8%         3d7       36%         4
 Iskenderun's Mystic Bla  Conj/Tloc      13%        2d5       43%         4


Dungeon Overview and Level Annotations

Branches:
Dungeon (4/15)
 Temple: D:4-7

Altars:
Elyvilon

Shops:
D:1 *

Annotations:
D:3 Pikel
D:4 Ijyb


Innate Abilities, Weirdness & Mutations

You have extremely sharp teeth.
Your natural rate of healing is unusually fast.
When hurt, damage is shared between your health and your magic reserves.
Your bite disrupts and absorbs the magic of your enemies.
Potions cannot restore your health.


Message History

Aiming: Polymorph
Press: ? - help, Shift-Dir - straight line, f/p - Pikel
Aim: Pikel, wielding a +1 whip of flaming and wearing a +0 robe (heavily wounded, haloed, will become a hornet, a shapeshifter, or a black bear, chance to affect: 49%) Pikel evaporates and reforms as a hornet!
The now-empty wand crumbles to dust.
Pikel completely misses you.
You barely miss Pikel. You bite Pikel, but do no damage.
Pikel is lightly wounded.
Pikel barely misses you.
You hit Pikel but do no damage.
Pikel is lightly wounded.
Pikel barely misses you. Pikel completely misses you.
You hit Pikel but do no damage.
Pikel is lightly wounded.
Pikel stings you.
You feel yourself slow down.
You closely miss Pikel. You bite Pikel, but do no damage.
Pikel is lightly wounded.
You feel yourself speed up. Pikel barely misses you. Pikel misses you.
Pikel barely misses you.
You hit Pikel but do no damage.
Pikel is lightly wounded.
Pikel stings you.
You feel yourself slow down.
You hit Pikel but do no damage.
Pikel is lightly wounded.
Pikel barely misses you. Pikel misses you.
You hit Pikel but do no damage. You bite Pikel, but do no damage.
Pikel is lightly wounded.
You feel yourself speed up. Pikel closely misses you.
Pikel stings you but does no damage. Pikel barely misses you.
Aiming: Searing Ray (safe; 2% risk of failure)
Press: ? - help, Q - select action, (/) - cycle Shift-Dir - straight line, f/p - Pikel
Aim: Pikel the hornet (lightly wounded, haloed, 76% to hit)
The searing ray hits Pikel.
Pikel is moderately wounded. (Press . to maintain the ray.) Pikel stings you.
You feel yourself slow down.
Without enough magic to sustain it, your searing ray dissipates.
You feel yourself speed up. Pikel stings you.
You feel yourself slow down. Pikel stings you!
You die...

##################
#................#
#................#
#................#
#................#
####............)...#
..)))..........y@...#
####...........)....#
#................#
##................#
#...##########.####
#...# #####.#######
#...# #...........#
#...# #...........#
#...# #...........#


You could see Pikel the hornet.

Vanquished Creatures
  2 orc priests (D:3)
  Jessica (D:3)
  2 iguanas (D:3)
  An orc wizard (D:3)
  Robin (D:4)
  3 adders
  2 worms (D:2)
  4 orcs (D:3)
  5 endoplasms
  A giant cockroach (D:1)
  16 goblins
  10 hobgoblins
  6 kobolds
  2 quokkas
  4 ball pythons
  A bat (D:3)
  5 frilled lizards
  4 rats
70 creatures vanquished.

Notes
Turn   | Place    | Note
-------+----------+-------------------------------------------
     0 | D:1      | wormed the Vine Stalker Conjurer began the quest for the
                  | Orb.
     0 | D:1      | Reached XP level 1. HP: 9/9 MP: 4/4
    20 | D:1      | You fall into a shaft and drop 1 floor!
   100 | D:2      | Reached XP level 2. HP: 14/14 MP: 0/6
   300 | D:2      | Reached XP level 3. HP: 17/17 MP: 4/7
   657 | D:2      | Learned a level 2 spell: Searing Ray
  1214 | D:1      | Found a faded altar of an unknown god.
  1409 | D:1      | Reached skill level 1 in Fighting
  1551 | D:1      | Found Ocinop's Assorted Antiques.
  1845 | D:2      | Gained mutation: Your natural rate of healing is unusually
                  | fast. [Vine Stalker growth]
  1845 | D:2      | Reached XP level 4. HP: 22/22 MP: 3/8
  2384 | D:3      | Found a white marble altar of Elyvilon.
  2575 | D:3      | Reached skill level 1 in Armour
  2581 | D:3      | Reached skill level 1 in Hexes
  2581 | D:3      | Reached skill level 1 in Transmutations
  2581 | D:3      | Reached XP level 5. HP: 14/25 MP: 6/9
  2875 | D:3      | Noticed Jessica
  2892 | D:3      | Killed Jessica
  2899 | D:3      | Reached skill level 5 in Conjurations
  3283 | D:4      | Noticed Ijyb
  3348 | D:3      | Reached XP level 6. HP: 14/30 MP: 1/11
  3669 | D:4      | Noticed Robin
  3725 | D:4      | Killed Robin
  3769 | D:4      | Noticed Pikel
  3779 | D:3      | Noticed Pikel
  3779 | D:3      | Pikel changed into Pikel the hornet
  3788 | D:3      | Slain by Pikel the hornet

Illustrated notes

Levels and vault maps discovered:
D:1:      tarquinn_simple_flora_water_e, layout_loops_ring, serial_shops,
          shop_fountains, hellmonk_ecumenical_altar_arch_garden
D:2:      layout_basic
D:3:      layout_basic, elyvilon_altar_4, uniq_jessica
D:4:      layout_cave_pools, kennysheep_vampire_church, minmay_misc_feat_room,
          uniq_robin, uniq_pikel, uniq_ijyb

Skill      XL: |  1  2  3  4  5  6 |
---------------+-------------------+-----
Fighting       | 1 |  1.8
Armour         | 1 |  1.5
Dodging        | 2 |  2.2
Hexes          | 1 |  1.4
Transmutations | 1 |  1.5
Conjurations   | 5 |  5.1
Spellcasting   | 3 |  3.0
Stealth        | |  2.4

Action                   |  1- 3 |  4- 6 || total
-------------------------+-------+-------++-------
Melee: Dagger            |    10 |    14 ||    24
       Unarmed           |     9 |     5 ||    14
       Bite              |     8 |     6 ||    14
 Cast: Magic Dart        |    35 |       ||    35
       Searing Ray       |    19 |    32 ||    51
Evoke: Wand              |       |     3 ||     3
  Use: Potion            |       |     2 ||     2
       Scroll            |       |     6 ||     6
Armor: Robe              |     5 |    11 ||    16
       Skin              |       |     2 ||     2
Dodge: Dodged            |     6 |    55 ||    61
